 Dungeon Crawl Stone Soup version 0.27.0-1-g7a089689b8 (webtiles) character file.

Game seed: 9496097594210980996

17134 Mesmaeker13 the Destroyer (level 12, -8/52 (59) HPs)
             Began as a Tengu Air Elementalist on July 30, 2021.
             Was a Believer of Vehumet.
             Killed from afar by Nergalle (35 damage)
             ... with a bolt of negative energy
             ... on level 10 of the Dungeon on Aug 3, 2021.
             The game lasted 00:35:25 (16051 turns).

Mesmaeker13 the Destroyer (Tengu Air Elementalist) Turns: 16051, Time: 00:35:26

HP:   -8/52 (59)    AC: 10    Str:  8    XL:     12   Next: 44%
MP:   15/26         EV: 21    Int: 21    God:    Vehumet [**....]
Gold: 223           SH:  5    Dex: 15    Spells: 12/29 levels left

rFire    . . .     SeeInvis .   J - staff of conjuration
rCold    . . .     Faith    .   (no shield)
rNeg     . . .     Spirit   .   D - +0 steam dragon scales
rPois    .         Reflect  +   (helmet restricted)
rElec    .         Harm     .   d - +0 cloak
rCorr    .         Rampage  .   (no gloves)
Will     .....                  (boots unavailable)
Stlth    ++........             M - amulet of reflection
HPRegen  0.17/turn              n - +4 ring of protection
MPRegen  0.20/turn              (no ring)

@: flying quickly and evasively, heavily drained, quick
A: beak, talons 3, nimble flight
a: Renounce Religion


You were on level 10 of the Dungeon.
You worshipped Vehumet.
Vehumet was pleased with you.
You visited 2 branches of the dungeon, and saw 12 of its levels.
You also visited: Bailey.

You collected 847 gold pieces.
You spent 624 gold pieces at shops.

Inventory:

Hand Weapons
 y - the +8 demon blade "Leech" {vamp, *Rage +Rage rN+}
   (You found it on level 6 of the Dungeon)

   It heals its wielder for a portion of the damage dealt every time it strikes
   a living foe.
   rN:        It protects you from negative energy.
   +Rage:     It lets you go berserk.
   *Rage:     It may make you go berserk in combat.
 Q - a +3 war axe
Armour
 d - a +0 cloak (worn)
 q - a +1 robe of positive energy
 D - +0 steam dragon scales (worn)
 L - a +0 troll leather armour
Magical Staves
 J - a staff of conjuration (weapon)
Jewellery
 n - a +4 ring of protection (left hand)
 M - an amulet of reflection (around neck)
Wands
 B - a wand of digging (7)
Scrolls
 a - a scroll of fear
 b - a scroll of amnesia {unknown}
 g - a scroll of magic mapping
 h - a scroll of silence {unknown}
 m - 3 scrolls of enchant weapon
 o - 2 scrolls of teleportation
 t - a scroll of blinking
 w - a scroll of summoning {unknown}
 x - 2 scrolls of immolation {unknown}
 z - 4 scrolls of torment
 A - a scroll of holy word {unknown}
 C - a scroll of brand weapon {unknown}
 F - a scroll of enchant armour {unknown}
 I - 2 scrolls of noise {unknown}
 K - a scroll of fog
Potions
 c - 3 potions of magic {unknown}
 e - a potion of haste {unknown}
 i - 3 potions of flight
 j - 8 potions of heal wounds
 l - a potion of degeneration {unknown}
 p - 3 potions of lignification
 r - a potion of cancellation {unknown}
 s - 2 potions of attraction {unknown}
 u - 3 potions of brilliance {unknown}
 v - a potion of mutation {unknown}
 E - a potion of might {unknown}
 P - a potion of curing {unknown}
Miscellaneous
 H - a box of beasts (inert)


   Skills:
 + Level 10.8 Dodging
 - Level 2.0 Stealth
 + Level 9.2 Spellcasting
 + Level 13.2 Conjurations
 + Level 12.8 Air Magic


You had 12 spell levels left.
You knew the following spells:

 Your Spells              Type           Power      Damage    Failure   Level
a - Shock                 Conj/Air       100%       1d9       1%          1
b - Static Discharge      Conj/Air       77%        N/A       1%          2
c - Airstrike             Air            29%        N/A       1%          4
d - Fulminant Prism       Conj/Hex       27%        3d14      4%          4
e - Searing Ray           Conj           100%       3d7       1%          2
f - Iskenderun's Mystic   Conj/Tloc      54%        2d12      4%          4

Your spell library contained the following spells:

 Spells                   Type           Power      Damage    Failure   Level
 Foxfire                  Conj/Fire      100%       2x1d9     1%          1
 Magic Dart               Conj           100%       1d8       1%          1
 Dazzling Flash           Conj/Hex       100%       N/A       1%          3
 Swiftness                Air            59%        N/A       1%          3
 Slow                     Hex            9%         N/A       11%         2
 Confusing Touch          Hex            9%         N/A       22%         3
 Vampiric Draining        Necr           4%         2d6       22%         3
 Starburst                Conj/Fire      27%        8x6d9     56%         6


Dungeon Overview and Level Annotations

Branches:
Dungeon (11/15)            Temple (1/1) D:6            Lair (0/6) D:11
 Bailey (visited)
    Orc: D:9-12

Altars:
Gozag
Nemelex Xobeh
Okawaru
Sif Muna
Trog
Uskayaw
Vehumet
The Shining One

Shops:
D:8 *   D:9 ?

Annotations:
D:7 Joseph
D:10 Nergalle


Innate Abilities, Weirdness & Mutations

You have a beak for a mouth.
You have claws for feet.
Your magical nature lets you fly swiftly and evasively.


Message History

Nergalle is heavily wounded.
You are struck by an arc of lightning.
The lightning grounds out.
Nergalle yells, "What are YOU looking at?"
Nergalle hits you with a +0 dagger.
Unknown command.
Casting: Static Discharge (safe; 1% risk of failure)
Confirm with . or Enter, or press ? or * to list all spells.
You feel a surge of power!
Nergalle is struck by an arc of lightning.
Nergalle is heavily wounded.
You are struck by an arc of lightning.
Nergalle is struck by an arc of lightning!
Nergalle is severely wounded.
You are struck by an arc of lightning.
The lightning grounds out.
You block Nergalle's attack.
Unknown command.
Casting: Static Discharge (safe; 1% risk of failure)
Confirm with . or Enter, or press ? or * to list all spells.
You feel a surge of power!
Nergalle is struck by an arc of lightning.
Nergalle is severely wounded.
You are struck by an arc of lightning.
Nergalle is struck by an arc of lightning.
Nergalle is severely wounded.
You are struck by an arc of lightning.
The lightning grounds out.
Nergalle hits you with a +0 dagger.
Unknown command.
Casting: Static Discharge (safe; 1% risk of failure)
Confirm with . or Enter, or press ? or * to list all spells.
You feel a surge of power!
Nergalle is struck by an arc of lightning.
Nergalle is almost dead.
You are struck by an arc of lightning.
Nergalle is struck by an arc of lightning.
Nergalle is almost dead.
The lightning grounds out.
Nergalle casts a spell at you. The bolt of negative energy hits you!!
You feel drained.
Ouch! That really hurt!
You die...

#..#####.#.#.#.#.##'##.##
#..######.#.#.##.#...#.#.
#..##..####....#.#...#..#
#..##.#..####..#.##รท#####
#..##.###..####'.#).####.
#..###..###..###..####..#
#..#####..###..#####...#.
#..##..###..###'##..#...#
#..##.#o@..#####...#...#.
#..##.##.####..###..#...#
#..##..#####..o'####...#.
#..#.### ##...##..####..#
#..#.#####...###.## ###.
#..##.......## #.# ##
##.#######...###.# #.#
##...##....# #.#
##...#.#......#


You could see Nergalle.

Vanquished Creatures
  2 two-headed ogres
  An orc knight (Bailey)
  2 deep elf pyromancers
  A centaur zombie (D:10)
  2 trolls
  2 hornets
  A wyvern (D:8)
  3 shadows
  4 wraiths
  2 steam dragons
  A basilisk (D:10)
  2 vampire mosquitoes (D:9)
  A water moccasin (D:7)
  3 ice beasts
  3 black bears
  8 orc warriors
  2 necrophages
  An ogre (D:6)
  4 centaurs
  2 phantoms (D:6)
  3 kobold brigands
  A water moccasin zombie (D:5)
  2 scorpions
  11 killer bees
  A water moccasin skeleton (D:7)
  2 howler monkeys (D:5)
  A jelly (D:7)
  An electric eel (D:6)
  A bullfrog zombie (D:5)
  6 hounds
  2 centaur skeletons
  An orc priest (D:3)
  2 bullfrog skeletons (D:6)
  An iguana (D:6)
  An orc wizard (D:7)
  A killer bee zombie (D:8)
  A hound zombie (D:5)
  A hound skeleton (D:4)
  A howler monkey zombie (D:7)
  3 gnolls (D:5)
  4 adders
  2 howler monkey skeletons
  A white imp (D:3)
  2 ufetubi (D:6)
  2 worms (D:2)
  7 dart slugs
  39 orcs
  7 endoplasms
  3 giant cockroaches
  8 goblins
  12 hobgoblins
  2 ball pythons
  5 bats
  A frilled lizard (D:2)
  12 kobolds
  4 rats
201 creatures vanquished.

Vanquished Creatures (collateral kills)
  A troll (D:9)
1 creature vanquished.

Vanquished Creatures (others)
  An orc knight (Bailey)
  16 fulminant prisms
  13 fungi
  24 plants (D:11)
  5 toadstools (D:2)
59 creatures vanquished.

Grand Total: 261 creatures vanquished

Notes
Turn   | Place    | Note
-------+----------+-------------------------------------------
     0 | D:1      | Mesmaeker13 the Tengu Air Elementalist began the quest for
                  | the Orb.
     0 | D:1      | Reached XP level 1. HP: 10/10 MP: 4/4
     6 | D:1      | Noticed a swamp drake
     6 | D:1      | Noticed a scorpion
     6 | D:1      | Noticed a polar bear
     7 | D:1      | Noticed a black mamba
     7 | D:1      | Noticed a lindwurm
   309 | D:1      | Reached XP level 2. HP: 15/15 MP: 1/6
   650 | D:1      | Found a faded altar of an unknown god.
   881 | D:1      | Reached skill level 2 in Conjurations
  1291 | D:2      | Learned a level 2 spell: Static Discharge
  1369 | D:2      | Reached XP level 3. HP: 13/19 MP: 0/7
  2523 | D:3      | Reached XP level 4. HP: 24/24 MP: 2/8
  2655 | D:3      | Reached skill level 3 in Conjurations
  2990 | D:3      | HP: 1/24 [/static electricity (3)]
  2991 | D:3      | Reached skill level 5 in Air Magic
  3273 | D:3      | Learned a level 4 spell: Airstrike
  3341 | D:3      | Gained mutation: Your magical nature lets you fly swiftly
                  | and evasively. [Tengu growth]
  3341 | D:3      | Reached XP level 5. HP: 28/28 MP: 7/10
  4509 | D:4      | Noticed an ogre
  4540 | D:5      | Entered Level 5 of the Dungeon
  4567 | D:5      | Reached XP level 6. HP: 31/32 MP: 1/11
  4601 | D:5      | Reached skill level 4 in Conjurations
  5676 | D:5      | Noticed a black bear
  5683 | D:5      | Killed a black bear
  5684 | D:5      | Reached XP level 7. HP: 31/36 MP: 4/13
  5756 | D:5      | Found a hide-covered altar of Uskayaw.
  5786 | D:5      | Reached skill level 5 in Conjurations
  5974 | D:5      | Reached skill level 5 in Dodging
  6150 | D:5      | Reached XP level 8. HP: 32/41 MP: 5/15
  6523 | D:5      | Reached skill level 6 in Conjurations
  6635 | D:6      | Learned a level 4 spell: Fulminant Prism
  7054 | D:6      | Reached skill level 5 in Spellcasting
  7222 | D:6      | Reached skill level 7 in Conjurations
  7557 | D:6      | Reached XP level 9. HP: 31/45 MP: 10/18
  7725 | D:6      | Found the +8 demon blade "Leech" {vamp, *Rage +Rage rN+}
  7824 | D:6      | Found a staircase to the Ecumenical Temple.
  7834 | Temple   | Entered the Ecumenical Temple
  7873 | Temple   | Became a worshipper of Vehumet
  8220 | D:6      | Upgraded the game from 0.27.0 to 0.27.0-1-g7a089689b8
  8779 | D:7      | Reached skill level 8 in Conjurations
  9479 | D:7      | Noticed Joseph
  9554 | D:8      | Learned a level 2 spell: Searing Ray
  9555 | D:8      | Found Maoraqu's General Store.
  9805 | D:8      | Noticed a hornet
  9811 | D:8      | Killed a hornet
 10166 | D:8      | Found an opulent altar of Gozag.
 10166 | D:8      | Found an iron altar of Okawaru.
 10325 | D:8      | Reached skill level 9 in Conjurations
 10670 | D:9      | Reached * piety under Vehumet
 10670 | D:9      | Offered knowledge of Sandblast by Vehumet.
 10671 | D:9      | Reached XP level 10. HP: 45/50 MP: 7/20
 10762 | D:9      | Found a glowing golden altar of the Shining One.
 10860 | D:9      | Noticed a two-headed ogre
 10871 | D:9      | Killed a two-headed ogre
 10872 | D:9      | Reached skill level 10 in Air Magic
 10933 | D:9      | Found Hiotunus's Magic Scroll Boutique.
 10961 | D:9      | Bought a scroll of acquirement for 624 gold pieces
 10968 | D:9      | Acquired a staff of conjuration
 12078 | D:10     | Entered Level 10 of the Dungeon
 12191 | D:9      | Reached skill level 10 in Conjurations
 13838 | D:10     | Noticed a two-headed ogre
 13857 | D:10     | Killed a two-headed ogre
 13858 | D:10     | Reached XP level 11. HP: 54/54 MP: 15/23
 14016 | D:10     | Found a runed translucent door.
 14017 | D:10     | Found a runed translucent door.
 14017 | D:10     | Noticed a deep elf pyromancer
 14062 | D:11     | Noticed a boulder beetle
 14076 | D:10     | Learned a level 4 spell: Iskenderun's Mystic Blast
 14109 | D:11     | Noticed a manticore
 14109 | D:11     | Found a staircase to the Lair.
 14110 | D:11     | Noticed a boulder beetle
 14289 | D:11     | Noticed a deep elf pyromancer
 14297 | D:11     | Killed a deep elf pyromancer
 14298 | D:11     | Reached skill level 11 in Conjurations
 14315 | D:11     | Found a flagged portal.
 14325 | Bailey   | Entered a bailey
 14592 | Bailey   | Offered knowledge of Foxfire by Vehumet.
 14713 | Bailey   | Reached skill level 10 in Dodging
 14713 | Bailey   | Reached skill level 12 in Conjurations
 14713 | Bailey   | Reached XP level 12. HP: 59/59 MP: 24/26
 14728 | Bailey   | Reached ** piety under Vehumet
 14786 | Bailey   | Reached skill level 13 in Conjurations
 15550 | D:10     | Noticed Nergalle
 16051 | D:10     | Killed from afar by Nergalle

Illustrated notes

Levels and vault maps discovered:
D:1:      onia_arrival_zoo_common, layout_rooms, chequers_ecumenical_altar_lobes
D:2:      layout_loops_corners, grunt_ministairs_4, kennysheep_donut,
          minmay_gold_behind_fungi, grunt_decor_arrowhead, minmay_crystal_room
D:3:      layout_rooms
D:4:      cheibrodos_greedy_goblins, layout_basic
D:5:      layout_rooms, nicolae_uskayaw_dance_hall
D:6:      layout_basic, minmay_temple_entry_glassed_door, fountainhead,
          minmay_misc_feat_alley, nrook_mini_vaults
D:7:      layout_cave_pools, serial_column_ruins, column_ruins_hut,
          column_ruins_hut_ruined, column_ruins_grid_4,
          column_ruins_corridor_straight, column_ruins_open_large,
          column_ruins_corridor_corner, column_ruins_open_small_water,
          kennysheep_cross_bottleneck, uniq_joseph
D:8:      layout_basic, gammafunk_temple_overflow_statue, serial_shops,
          nicolae_shop_crystal
D:9:      layout_cave_pods, tso_altar, serial_shops, shop_scrolls,
          minmay_fractal_squares_diagonal_5
D:10:     minmay_the_grid_triangle_9x9_rhombus_full
          [minmay_the_grid_triangle_9x9_zippers_vertical,
          minmay_the_grid_triangle_9x9_longest,
          minmay_the_grid_triangle_9x9_pentomino_pain,
          minmay_the_grid_triangle_9x9_tough_junction,
          minmay_the_grid_triangle_9x9_zippers_horizontal,
          minmay_the_grid_triangle_9x9_dagger,
          minmay_the_grid_triangle_9x9_sprig,
          minmay_the_grid_triangle_9x9_prize_center], layout_small_grid,
          ebering_dispersal_statue_hall, serial_park_tiny_1, uniq_nergalle
D:11:     layout_roguey, minmay_lair_entry_grove, enter_bailey_6
Temple:   dpeg_five_rooms_temple

Skill      XL: |  1  2  3  4  5  6  7  8  9 10 11 12 |
---------------+-------------------------------------+-----
Conjurations   | 2 3 4 5 7 9 10 12 13 | 13.2
Dodging        | 3 4 5 6 7 9 10 | 10.8
Air Magic      | 5 6 8 9 11 12 | 12.8
Spellcasting   | 3 4 5 6 7 9 |  9.2
Stealth        | |  2.0

Action                   |  1- 3 |  4- 6 |  7- 9 | 10-12 || total
-------------------------+-------+-------+-------+-------++-------
Melee: Kick              |     2 |     6 |     1 |       ||     9
       Unarmed           |     2 |       |       |       ||     2
       Peck              |     1 |     5 |     1 |       ||     7
       Dagger            |     3 |    17 |     7 |       ||    27
Throw: Dart              |       |       |       |     5 ||     5
 Cast: Shock             |    73 |   113 |   113 |    69 ||   368
       Static Discharge  |     8 |    25 |    59 |    55 ||   147
       Airstrike         |       |       |    19 |    36 ||    55
       Fulminant Prism   |       |       |     1 |    15 ||    16
       Searing Ray       |       |       |       |     2 ||     2
       Iskenderun's Myst |       |       |       |     2 ||     2
Evoke: Wand              |       |       |     6 |    18 ||    24
       Box of beasts     |       |       |       |     1 ||     1
  Use: Scroll            |       |     4 |     3 |     6 ||    13
       Potion            |       |     2 |       |     3 ||     5
Armor: Robe              |     5 |     8 |     9 |       ||    22
       Steam dragon scal |       |       |     1 |    16 ||    17
       Skin              |       |       |       |     2 ||     2
Dodge: Dodged            |    22 |    34 |    55 |    82 ||   193
Block: Other             |       |       |       |    33 ||    33
